Cogmind - Beta 13 @@@ ROGUE MODE // 2024.05.23 @ 04:55:57 Player: Sunrosa Result: Self-destructed Performance ------------- Evolutions (1) 500 Regions Visited (2) 400 Robots Destroyed (14) 70 Value Destroyed (116) 116 Prototype IDs (0) 0 Alien Tech Used (0) 0 Bonus (0) 0 TOTAL SCORE: 1086 Bonus ------- None Cogmind --------- Core Integrity 380/400 Matter 264/300 Energy 249/250 System Corruption 0% Temperature Cool (2) Movement Hovering (56) Location -9/Materials Parts ------- > --- POWER (1) -------- Ion Engine > --- PROPULSION (2) --- Improved Hover Unit Improved Hover Unit > --- UTILITY (4) ------ Small Storage Unit Seismic Detector > --- WEAPON (2) ------- Assault Rifle Light Assault Rifle > --- INVENTORY (8) ---- Ion Engine Improved Hover Unit Improved Hover Unit Improved Terrain Scanner Medium Armor Plating Small Laser Light Assault Rifle Mining Laser Peak State ------------ > --- POWER ------------ Ion Engine > --- PROPULSION ------- Improved Hover Unit Improved Hover Unit > --- UTILITY ---------- Small Storage Unit Medium Armor Plating > --- WEAPON ----------- Assault Rifle Light Assault Rifle > --- INVENTORY -------- Ion Engine Improved Terrain Scanner Seismic Detector Medium Armor Plating Medium Armor Plating Medium Armor Plating Small Laser Mining Laser [Rating: 11] Favorites ----------- Power Ion Engine Engine Ion Engine Propulsion Light Treads Treads Light Treads Leg Aluminum Leg Wheel Wheel Hover Unit Improved Hover Unit Utility Small Storage Unit Device Improved Terrain Scanner Storage Small Storage Unit Protection Medium Armor Plating Weapon Light Assault Rifle Energy Gun Small Laser Ballistic Gun Light Assault Rifle Special Weapon Mining Laser Build | -11 -10 -9 ------- Run | Yrd Mat Mat Slots Evolved 2 | . . 2 Power . | . . . Propulsion . | . . . Utility 2 | . . 2 Weapon . | . . . Parts Attached 17 | 10 7 . Power . | . . . Engine . | . . . Core . | . . . Reactor . | . . . Propulsion 8 | 5 3 . Treads 3 | 2 1 . Leg 1 | 1 . . Wheel 2 | 2 . . Hover 2 | . 2 . Flight . | . . . Utility 5 | 3 2 . Device 4 | 3 1 . Storage . | . . . Processor . | . . . Hackware . | . . . Protection 1 | . 1 . Artifact . | . . . Weapon 4 | 2 2 . Energy Gun . | . . . Energy Cannon . | . . . Ballistic Gun 3 | 1 2 . Ballistic Cannon . | . . . Launcher . | . . . Special Weapon 1 | 1 . . Impact Weapon . | . . . Slashing Weapon . | . . . Piercing Weapon . | . . . Special Melee Weapon . | . . . Unidentified Prototypes . | . . . Parts Lost 2 | 2 . . Power . | . . . Propulsion 1 | 1 . . Utility 1 | 1 . . Weapon . | . . . Highest Loss Streak 1 | 1 . . To Critical Strikes . | . . . Average Slot Usage (%) 93 | . 100 77 Engine 13 | . 14 11 Treads 6 | . 8 . Wheel 6 | . 9 . Hover 13 | . 9 22 Device 12 | . 12 11 Storage 13 | . 14 11 Ballistic Gun 22 | . 22 22 Special Weapon 3 | . 5 . Naked Turns . | . . . Heaviest Build 20 | 14 20 14 Greatest Support 40 | 40 20 14 Greatest Overweight (x) 2 | 1 2 . Average Overweight (x) . | . . . Largest Inventory Capacity 8 | 8 8 8 Average Capacity 8 | 8 8 8 Most Carried 8 | 8 8 8 Average Carried 7 | 7 7 8 Final Capacity 8 | 8 8 8 Final Carried 8 | 8 8 8 Class Distribution -------------------- 100% | Mutant Dominant Class ---------------- Mutant | -10/Materials Mutant | -9/Materials Resources | -11 -10 -9 ----------- Run | Yrd Mat Mat Matter Collected 609 | 474 121 14 Remotely . | . . . Salvage Created 582 | 299 224 59 Parts 32 | 13 11 8 Haulers Intercepted . | . . . Recyclers Shooed 2 | . 2 . Parts Field Recycled . | . . . Retrieved Matter . | . . . Parts Self-Destructed . | . . . Prevented . | . . . Kills | -11 -10 -9 ------- Run | Yrd Mat Mat Combat Hostiles Destroyed 18 | 11 3 4 Guns 18 | 11 3 4 Classes Destroyed 4 | 3 1 . Tunneler 4 | 4 . . Recycler 3 | 1 2 . Swarmer 7 | . 3 4 Assembled 11 | 11 . . Best Kill Streak 4 | 2 4 4 Combat Bots Only 4 | 2 3 4 Max Kills in Single Turn 1 | 1 1 1 Gunslinging . | . . . Exploded . | . . . Melee . | . . . Uniques/NPCs Destroyed . | . . . Combat | -11 -10 -9 -------- Run | Yrd Mat Mat Hostile Shots Fired 101 | 59 29 13 Missed 37 | 26 9 2 Damage Taken 817 | 521 207 89 Core 241 | 146 75 20 Absorbed by Shields . | . . . Core Remaining (%) 26 | 41 11 . Volleys Fired 79 | 53 16 10 Largest 2 | 2 2 2 Hottest 100 | 100 40 40 Shots Fired 157 | 105 32 20 Gun 156 | 104 32 20 Cannon . | . . . Launcher . | . . . Special 1 | 1 . . Kinetic 148 | 96 32 20 Thermal 9 | 9 . . Explosive . | . . . Electromagnetic . | . . . Robot Hit Streak 14 | 14 4 4 Robot Miss Streak 6 | 6 4 4 Penetration Max . | . . . Secondary Targets 2 | . 2 . Max Gunslinging Chain 1 | . 1 . Shots Hit Robots 84 | 59 16 9 Core Hits 45 | 33 6 6 Critical Kills . | . . . Critical Parts Destroyed 1 | 1 . . Critical Strikes 1 | 1 . . Destroy 1 | 1 . . Melee Attacks . | . . . Impact . | . . . Slashing . | . . . Piercing . | . . . Sneak Attacks . | . . . Combat Hostiles . | . . . Follow-up Attacks . | . . . Damage Inflicted 872 | 605 183 84 Guns 866 | 605 177 84 Cannons . | . . . Explosions . | . . . Melee . | . . . Ramming 6 | . 6 . Kinetic 810 | 549 177 84 Thermal 56 | 56 . . Explosive . | . . . Electromagnetic . | . . . Impact . | . . . Slashing . | . . . Piercing . | . . . Highest Corruption 1 | . 1 . Average Corruption 1 | . 1 . Corruption Purged . | . . . Corruption Blocked . | . . . Overload Shots . | . . . Overflow Damage . | . . . Projectiles . | . . . Explosions . | . . . Melee . | . . . Knockbacks . | . . . Impact . | . . . Kinetic . | . . . Secondary . | . . . Self-Inflicted Damage . | . . . Shots . | . . . Rammed 1 | . 1 . Targets Rammed 1 | . 1 . Kicked . | . . . Crushed . | . . . Highest Temperature 40 | 40 8 . Average Temperature 14 | 16 4 . Received Heat Transfer 120 | 120 . . Siege Activations . | . . . Robots Corrupted . | . . . Combat Hostiles . | . . . Parts Fried . | . . . Impact Corruptions . | . . . Robots Melted . | . . . Combat Hostiles . | . . . Parts Melted . | . . . Heat Transferred 125 | 125 . . Parts Sabotaged . | . . . Parts Stolen . | . . . Parts Stripped . | . . . Power Chain Reactions . | . . . Alert | -11 -10 -9 ------- Run | Yrd Mat Mat Peak Influence 249 | 20 93 249 Initial 39 | . . 39 Average 12 | 3 43 120 Maximum Alert Level 1 | . . 1 Low Security (%) 99 | 100 100 88 Level 1 . | . . 11 Level 2 . | . . . Level 3 . | . . . Level 4 . | . . . Level 5 . | . . . High Security . | . . . Max Security . | . . . Squads Dispatched . | . . . Investigation . | . . . Extermination . | . . . Reinforcement . | . . . Assault . | . . . Garrison . | . . . Intercept . | . . . Searches Triggered . | . . . Construction Impeded . | . . . Haulers Reinforced . | . . . Active Scanning Responses . | . . . Cargo Convoy Interrupts . | . . . Stealth | -11 -10 -9 --------- Run | Yrd Mat Mat Distress Signals 2 | . . 2 Communications Jammed . | . . . Distress Signals . | . . . Times Spotted 29 | 14 3 12 Peak Tracking Total 8 | 3 3 8 Tactical Retreats 3 | 1 . 2 Traps | -11 -10 -9 ------- Run | Yrd Mat Mat Traps Triggered 1 | . 1 . Indirectly . | . . . Trap Hack Attempts . | . . . Triggered . | . . . Disarmed . | . . . Reprogrammed . | . . . Reused . | . . . Traps Extracted . | . . . Installed . | . . . Triggered . | . . . Machines | -11 -10 -9 ---------- Run | Yrd Mat Mat Machines Disabled . | . . . Max in Single Turn . | . . . Machines Repaired . | . . . Machines Dismantled . | . . . Machines Sabotaged . | . . . Overloaded Fab Kills . | . . . Hacking | -11 -10 -9 --------- Run | Yrd Mat Mat Machines Accessed 1 | . 1 . Terminals 1 | . 1 . Fabricators . | . . . Repair Stations . | . . . Recycling Units . | . . . Scanalyzers . | . . . Garrison Access . | . . . Total Hacks 2 | . 2 . Successful 2 | . 2 . Failed . | . . . Catastrophic . | . . . Database Lockouts . | . . . Manual 2 | . 2 . Terminals 2 | . 2 . Fabricators . | . . . Repair Stations . | . . . Recycling Units . | . . . Scanalyzers . | . . . Garrison Access . | . . . Terminal Hacks 1 | . 1 . Part Schematic 1 | . 1 . Fabricator Hacks . | . . . Repair Station Hacks . | . . . Recycling Unit Hacks . | . . . Scanalyzer . | . . . Garrison Access Hacks . | . . . Unauthorized Hacks 1 | . 1 . Terminals 1 | . 1 . Operators 1 | . 1 . Fabricators . | . . . Repair Stations . | . . . Recycling Units . | . . . Scanalyzers . | . . . Garrison Access . | . . . Data Cores Recovered . | . . . Used . | . . . Hacking Detections 1 | . 1 . Full Trace Events . | . . . Feedback Events . | . . . Feedback Blocked . | . . . Robot Schematics Acquired . | . . . Robots Built . | . . . Authchips . | . . . Time . | . . . Total Robot Build Rating . | . . . Part Schematics Acquired 1 | . 1 . Parts Built . | . . . Authchips . | . . . Time . | . . . Total Part Build Rating . | . . . Parts Repaired . | . . . Time . | . . . Parts Recycled . | . . . Recycled Matter . | . . . Retrieved Matter . | . . . Retrieved Components . | . . . Parts Scanalyzed . | . . . Part Schematics Acquired . | . . . Parts Damaged . | . . . Bothacking | -11 -10 -9 ------------ Run | Yrd Mat Mat Used RIF Installer . | . . . Robots Hacked . | . . . Non-combat . | . . . Combat . | . . . Robot Hacks Applied . | . . . Relay Couplers Released . | . . . Fabnet Peak Effective % . | . . . Robots Rewired . | . . . Allies Hacked . | . . . Hacks Repelled . | . . . Allies | -11 -10 -9 -------- Run | Yrd Mat Mat Total Allies . | . . . Largest Group . | . . . Highest-Rated Group . | . . . Highest-Rated Ally . | . . . Total Orders . | . . . Ally Attacks . | . . . Total Damage . | . . . Kills . | . . . Allies Corrupted . | . . . Allies Melted . | . . . Intel | -11 -10 -9 ------- Run | Yrd Mat Mat Robot Analysis Total . | . . . Derelict Logs Recovered . | . . . Drone Launches . | . . . Drone Recoveries . | . . . Exploration | -11 -10 -9 ------------- Run | Yrd Mat Mat Turns Passed 2539 | 2173 260 106 Spaces Moved 1296 | 945 219 132 Core . | . . . Treads 661 | 658 3 . Legs . | . . . Wheels 415 | 287 128 . Hover 220 | . 88 132 Flight . | . . . Fastest Speed 56 | 80 56 56 Average Speed 118 | 135 79 56 Slowest Speed 180 | 160 180 56 Overloaded Moves . | . . . Propulsion Burnouts . | . . . Robots Hopped . | . . . Cave-ins Triggered . | . . . Exploration Rate (%) 35 | 54 34 18 Regions Visited 2 Branch Regions . Pre-discovered Areas . | . . . Known Exits Taken . | . . . Unknown Exits Taken 2 | 1 1 . Scrap Searched . | . . . Spaces Dug . | . . . Terrain Destroyed . | . . . Melee . | . . . Projectile . | . . . AOE . | . . . Terrain Rammed . | . . . Walls Destroyed . | . . . Machines Disabled . | . . . Actions | -11 -10 -9 --------- Run | Yrd Mat Mat Total 2159 | 1736 277 146 Wait 744 | 721 19 4 Move 1294 | 944 218 132 Hop . | . . . Pick Up 10 | 5 5 . Fast Attach 7 | 3 4 . Attach 1 | . 1 . Detach 1 | . 1 . Swap 9 | 7 2 . Drop 13 | 3 10 . Fire 79 | 53 16 10 Melee . | . . . Ram . | . . . Kick . | . . . Crush 1 | . 1 . Escape Stasis . | . . . Rewire . | . . . Trap . | . . . Miscellaneous . | . . . Route ------- -11/Scrapyard -10/Materials -9/Materials History --------- Turn | Location | Event 6 | -11/Scrapyard | Discovered new exit (range 2) 1022 | -11/Scrapyard | Assembled infested the area 1502 | -11/Scrapyard | Core integrity fell below 50% 2174 | -11/Scrapyard | Entered Materials 2175 | -10/Materials | Build established: Mutant 2326 | -10/Materials | Discovered new exit (range 4) 2416 | -10/Materials | Core integrity fell below 20% 2434 | -10/Materials | Entered another Materials area 2434 | -9/Materials | Evolved 2 slots: Utility x2 2540 | -9/Materials | Self-destructed Last Messages --------------- 02415_ EMP Trap short circuited. 02415_ Door malfunctions. 02415_ A bubble of electromagnetic force engulfs the area. 02415_ EMP Trap short circuited. 02415_ Terminal disabled. 02415_ A bubble of electromagnetic force engulfs the area. 02415_ Door malfunctions. PARAMETERS=UTILITY+2 LOCATION=UNKNOWN GOAL=ESCAPE 02458_ S-10 Pest destroyed. 02478_ R-06 Scavenger collects Flight Unit. 02478_ S-10 Pest destroyed. 02480_ R-06 Scavenger collects Flight Unit. 02480_ S-10 Pest destroyed. 02481_ Acquired 14 matter. 02483_ R-06 Scavenger collects Flight Unit. 02514_ W-16 Scout sends out distress signal. 02528_ O-16 Technician: "IFF HANDSHAKE FAILED. SECURING TERMINAL." 02533_ O-16 Technician sends out distress signal. Map ----- +----------------------------------------------------+ | ????????????????????????????????# #????????????? | | ?????????????????????????######?# #????????????? | | ?????????????????????????# # #????????????? | | ?????????????????????????# """ # #????????????? | | ?????????????????????????# """ + ###+####?????? | | ?????????????????????????# """ # #?????? | | ?????????????????????????# # ####### | | ?????????????????????????# ?# | | ?????????????????????????######?# #####+######## | | ??????????????######+##?????????# #?? ?????? | | ??????????????? #?????????# ## """ ???? | | ???????????????? ########### ## "R" #??? | | ????????????????? # # ## !! " " #??? | | ??????????????????# # + + !! #??? | | ??????????????????# # # ## #??? | | ??????????????????# # """ """ ###### ???? | | ??????????????????# + """ """ #????# #??? | | ??????????????????# # """ """ #????# ??? | | ??????????????????# # #????#######?????? | | ??????????????????# # ! #????????????????? | | ??????????????????# ###########????????????????? | | ?????????########## #??????????????????????????? | | ??? ???# # #????????####??????????????? | | ??? # # ####### #??????????????? | | ???!! / # "" #??????????????? | | ?????????# + @ T #??????????????? | | ?????????# # #??????????????? | | # ########+## ####### #??????????????? | | # / ## #????????k###??????????????? | | # # """ ## #??????????????????????????? | | ????????# """ ## #??????????????????????????? | | ????????# ! """ ## #??????????????????????????? | | ????????# ## +??????????????????????????? | | ????????# "" """ ## #??????????????????????????? | | ????????# "T """ ######??????????????????????????? | | ????????# ?" ??" #???????????????????????????????? | | ????????#?? ?? #???????????????????????????????? | | ???????????????###???????????????????????????????? | | ?????????????????????????????????????????????????? | | ?????????????????????????????????????????????????? | | ?????????????????????????????????????????????????? | | ?????????????????????????????????????????????????? | | ?????????????????????????????????????????????????? | | ?????????????????????????????????????????????????? | | ?????????????????????????????????????????????????? | | ?????????????????????????????????????????????????? | | ?????????????????????????????????????????????????? | | ?????????????????????????????????????????????????? | | ?????????????????????????????????????????????????? | | ?????????????????????????????????????????????????? | +----------------------------------------------------+ Best States ------------- Heat Dissipation 28 Energy Generation 10 Energy Capacity 250 Matter Stores 300 Matter Capacity 300 Sight Range 16 Terrain Scan Range 16 Terrain Scan Density 10 Armor Coverage 225 Evasion (%) 53 Recoil Reduction 2 Item Schematics ----------------- Lrg. Storage Unit | -10/Materials | Hacked Robot Schematics ------------------ None Fabricated ------------ Nothing Alien Tech Used ----------------- None Achievements -------------- Curiosity Killed The Cat Challenges ------------ None Game ------ Seed MyomerLinearBarrier Manual? 0 Play Time 00:19:57 Cumulative 57.9 hours Start 2024.05.23 @ 01:01:53 End 2024.05.23 @ 04:55:57 Sessions 1 Manual Loads 0 Difficulty Rogue Special Mode None Game No. 30 Rogue 30 Adventurer 0 Explorer 0 Win Type - Total 2 Types 1/0/1/0/0/0/0/0/0 Lore% 31 Gallery% 38 Achievement% 37 Wizard Run 0 Options --------- Layout 0 ASCII 0 Keyboard 1 Movement Vi Keybinds 1 Fullscreen 1 Font 18/TerminusBold Map View 76x50 Zoom Use 0% Tactical HUD 1 Map Filters NONE Filters LOW_CONTRAST(13,24,33) Steam 1 RUN: 5f9a699f-79ac-420f-9ced-5c3310c4a3fe